 Dungeon Crawl Stone Soup version 0.22.1-2-g9c5b331383 (webtiles) character file.

213 Revguard the Slasher (level 5, 0/39 HPs)
             Began as a Demonspawn Gladiator on Dec 1, 2018.
             Succumbed to a scorpion's poison
             ... on level 3 of the Dungeon.
             The game lasted 00:05:23 (1708 turns).

Revguard the Slasher (Demonspawn Gladiator)         Turns: 1708, Time: 00:05:24

Health: 0/39       AC:  7    Str: 15    XL:     5   Next: 59%
Magic:  7/14       EV: 11    Int:  9    God:
Gold:   96         SH:  0    Dex: 15    Spells: 4/4 levels left

rFire    + . .     SeeInvis .   a - +0 long sword
rCold    x . .     Gourm    .   (no shield)
rNeg     . . .     Faith    .   i - +0 scale mail
rPois    .         Spirit   +   c - +0 helmet
rElec    .         Reflect  .   (no cloak)
rCorr    .         Harm     .   (no gloves)
MR       .....                  (no boots)
Stlth    ..........             (no amulet)
HPRegen  0.13/turn              o - ring of fire
MPRegen  0.14/turn              p - ring of magical power

@: lethally poisoned (0 -> -8)
A: magic shield
a: no special abilities


You were on level 3 of the Dungeon.
You were hungry.

You visited 1 branch of the dungeon, and saw 3 of its levels.

You collected 96 gold pieces.

Inventory:

Hand Weapons
 a - a +0 long sword (weapon)
Missiles
 d - 3 throwing nets (quivered)
Armour
 b - a +0 leather armour
 c - a +0 helmet (worn)
 i - a +0 scale mail (worn)
Jewellery
 o - a ring of fire (left hand)
 p - a ring of magical power (right hand)
Wands
 l - a wand of paralysis (9)
Scrolls
 e - 4 scrolls of blinking {unknown}
 h - a scroll of teleportation {unknown}
 j - a scroll of magic mapping {unknown}
 k - 2 scrolls of identify {unknown}
 n - a scroll of fog {unknown}
 q - a scroll of remove curse {unknown}
Comestibles
 f - 4 rations


   Skills:
 + Level 2.6 Fighting
 + Level 4.4 Long Blades
 - Level 1.7 Throwing
 * Level 2.4 Armour
 + Level 3.2 Dodging


You had 4 spell levels left.
You didn't know any spells.
Your spell library was empty.

Dungeon Overview and Level Annotations

Branches:
Dungeon (3/15)

Altars:
Dithmenos
Gozag
Ru


Innate Abilities, Weirdness & Mutations

When hurt, damage is shared between your health and your magic reserves.


Message History

* * * LOW HITPOINT WARNING * * *
You are more poisoned.
The scorpion poisons you!
You hit the scorpion but do no damage.
The scorpion is severely wounded.
* * * LOW HITPOINT WARNING * * *
You feel sick.
The scorpion stings you but does no damage.
You hit the scorpion.
The scorpion is almost dead.
* * * LOW HITPOINT WARNING * * *
You feel sick.
The scorpion stings you but does no damage.
You barely miss the scorpion.
The scorpion is almost dead.
* * * LOW HITPOINT WARNING * * *
You feel sick. The scorpion stings you.
You closely miss the scorpion.
The scorpion is almost dead.
You die...

#..# #.........##
#...........
#.##..###..#
#.##....# #.##..#.#
#.....#.+ #.##..# #
.#
.########.###.###...#
.............s@.....#
####....#.#######...#
#....#.# .# ######.#
..> ... ..... .....


You could see a scorpion.

Vanquished Creatures
  Sigmund (D:3)
  An adder (D:2)
  A worm (D:2)
  2 dart slugs
  2 leopard geckos
  A ball python (D:1)
  A giant cockroach (D:2)
  6 goblins
  3 hobgoblins (D:1)
  6 kobolds
  2 quokkas
  5 bats
  3 frilled lizards
  2 rats (D:1)
36 creatures vanquished.

Notes
Turn   | Place    | Note
-------+----------+-------------------------------------------
     0 | D:1      | Revguard the Demonspawn Gladiator began the quest for the
                  | Orb.
     0 | D:1      | Reached XP level 1. HP: 16/16 MP: 1/1
   305 | D:1      | Gained mutation: When hurt, damage is shared between your
                  | health and your magic reserves. [demonic ancestry]
   305 | D:1      | Reached XP level 2. HP: 15/22 MP: 2/2
   371 | D:1      | Reached skill level 3 in Long Blades
   712 | D:1      | Reached skill level 1 in Armour
  1041 | D:2      | Reached XP level 3. HP: 27/27 MP: 3/3
  1084 | D:2      | Found an opulent altar of Gozag.
  1241 | D:2      | Found a sacrificial altar of Ru.
  1241 | D:2      | Found a shadowy altar of Dithmenos.
  1523 | D:3      | Noticed Sigmund
  1564 | D:3      | Killed Sigmund
  1564 | D:3      | Reached skill level 4 in Long Blades
  1564 | D:3      | Reached XP level 4. HP: 15/34 MP: 4/4
  1564 | D:3      | Reached XP level 5. HP: 17/39 MP: 4/5
  1707 | D:3      | HP: 1/39 [poisoned by a scorpion]
  1708 | D:3      | Succumbed to a scorpion's poison

Skill      XL: |  1  2  3 |
---------------+----------+-----
Long Blades    | 3 4 |  4.4
Dodging        | 3 |  3.2
Armour         | 1 2 |  2.4
Fighting       | |  2.6
Throwing       | |  1.7

Action                   |  1- 3 |  4- 6 || total
-------------------------+-------+-------++-------
Melee: Long sword        |   124 |    24 ||   148
  Use: Potion            |     5 |       ||     5
  Eat: Chunk             |     2 |       ||     2
Armor: Leather armour    |    16 |       ||    16
       Scale mail        |    26 |    10 ||    36
Dodge: Dodged            |    65 |    11 ||    76
       Rpst.: Long sword |    20 |     2 ||    22
